 Dungeon Crawl Stone Soup version 0.22.0 (webtiles) character file.

3779 Blackhawk the Blocker (level 10, -8/80 HPs)
             Began as a Gnoll Fighter on Oct 21, 2018.
             Was an Initiate of Trog.
             Mangled by a wyvern (12 damage)
             ... on level 8 of the Dungeon.
             The game lasted 00:19:20 (8631 turns).

Blackhawk the Blocker (Gnoll Fighter)               Turns: 8631, Time: 00:19:21

Health: -8/80      AC: 12    Str: 21    XL:     10   Next: 16%
Magic:  17/17      EV: 12    Int: 11    God:    Trog [......]
Gold:   315        SH: 11    Dex: 15    Spells: 18/18 levels left

rFire    . . .     SeeInvis .   a - +0 war axe
rCold    . . .     Gourm    .   c - +0 shield
rNeg     + . .     Faith    .   F - +3 ring mail {rN+}
rPois    .         Spirit   .   v - +1 helmet
rElec    .         Reflect  .   (no cloak)
rCorr    .         Harm     .   (no gloves)
MR       .....                  (no boots)
Stlth    ++........             h - amulet of rage
HPRegen  0.23/turn              g - ring of flight
MPRegen  0.15/turn              (no ring)

@: no status effects
A: distributed training, fangs 1, strong nose
a: Renounce Religion, Evoke Berserk Rage, Evoke Flight


You were on level 8 of the Dungeon.
You worshipped Trog.
Trog was noncommittal.
You were hungry.

You visited 2 branches of the dungeon, and saw 10 of its levels.

You collected 315 gold pieces.

Inventory:

Hand Weapons
 a - a +0 war axe (weapon)
 q - a +0 morningstar of crushing
 u - a +0 fustibalus
 w - a +3 hand axe
 E - a +0 hunting sling
 H - a cursed +5 morningstar
 I - a +1 hand axe
Missiles
 e - 133 stones (quivered)
 i - 88 sling bullets
 r - 20 tomahawks
Armour
 c - a +0 shield (worn)
 v - a +1 helmet (worn)
 F - a +3 ring mail of positive energy (worn)
Jewellery
 g - a ring of flight (left hand)
 h - an amulet of rage (around neck)
 t - an uncursed amulet of guardian spirit
Wands
 b - a wand of acid (11)
 x - a wand of disintegration (16)
 y - a wand of iceblast (18)
Scrolls
 m - 2 scrolls of identify
 o - a scroll of teleportation
 A - a scroll of fear
 C - a scroll of remove curse
 D - a scroll of amnesia
 J - a scroll of fog
Potions
 d - a potion of might
 j - 2 potions of flight {unknown}
 k - 2 potions of brilliance {unknown}
 l - a potion of resistance {unknown}
 n - 3 potions of curing
 p - 2 potions of magic
 s - a potion of heal wounds {unknown}
 z - a potion of mutation {unknown}
 B - 2 potions of lignification {unknown}
 G - a potion of invisibility {unknown}
Comestibles
 f - 15 rations
 K - 8 chunks of flesh


   Skills:
 + Level 8.3 Fighting
 + Level 4.9 Short Blades
 + Level 4.9 Long Blades
 + Level 6.8 Axes
 + Level 4.9 Maces & Flails
 + Level 4.9 Polearms
 + Level 4.9 Staves
 + Level 4.9 Slings
 + Level 4.9 Bows
 + Level 4.9 Crossbows
 + Level 4.9 Throwing
 + Level 8.3 Armour
 + Level 4.9 Dodging
 + Level 4.9 Stealth
 + Level 8.3 Shields
 + Level 4.9 Unarmed Combat
 + Level 4.9 Spellcasting
 + Level 4.0 Conjurations
 + Level 4.0 Hexes
 + Level 4.0 Charms
 + Level 4.0 Summonings
 + Level 4.0 Necromancy
 + Level 4.0 Translocations
 + Level 4.0 Transmutations
 + Level 4.0 Fire Magic
 + Level 4.0 Ice Magic
 + Level 4.0 Air Magic
 + Level 4.0 Earth Magic
 + Level 4.0 Poison Magic
 + Level 5.4 Invocations
 + Level 4.9 Evocations


You had 18 spell levels left.
You didn't know any spells.
Your spell library contained the following spells:

 Spells                   Type           Power        Failure   Level  Hunger
 Lightning Bolt           Conj/Air       ##........   99%         5    ######.
 Confuse                  Hex            ##......     41%         3    ###....
 Confusing Touch          Hex            ##....       16%         1    None
 Metabolic Englaciation   Hex/Ice        ##........   99%         5    ######.
 Shatter                  Erth           ##........   100%        9    #######
 Static Discharge         Conj/Air       ##......     41%         3    ###....
 Petrify                  Tmut/Erth      ##......     83%         4    ####...
 Tornado                  Air            ##........   100%        9    #######
 Gell's Gravitas          Tloc           ##........   41%         3    ###....
 Yara's Violent Unravell  Hex/Tmut       ##........   99%         5    ######.
 Ignition                 Fire           ##........   100%        8    #######


Dungeon Overview and Level Annotations

Branches:
Dungeon (9/15)             Temple (1/1) D:5
   Lair: D:8-11         Orc: D:9-12

Altars:
Ashenzari
Cheibriados
Dithmenos
Elyvilon
Fedhas
Gozag
Hepliaklqana
Kikubaaqudgha
Makhleb
Nemelex Xobeh
Okawaru
Qazlal
Ru
Sif Muna
Trog
Uskayaw
Vehumet
Wu Jian
Xom
Yredelemnul
Zin
The Shining One

Shops:
D:5 *

Annotations:
D:4 1 runed door
D:7 4 runed doors


Innate Abilities, Weirdness & Mutations

Your experience applies equally to all skills.
You have very sharp teeth.
Your uncanny sense of smell can sniff out nearby items.


Message History

The wyvern closely misses you.
Wield which item (- for none, * to show all)? (? for menu, Esc to quit)
Okay, then.
You block the wyvern's attack. You block the wyvern's attack.
You block the wyvern's attack.
The wyvern bites you but does no damage.
The wyvern bites you!
* * * LOW HITPOINT WARNING * * *
There is a stone staircase leading up here.
The wyvern completely misses you. You block the wyvern's attack.
You climb upwards.
There is a stone staircase leading down here.
It was a potion of magic.
Magic courses through your body. You block the wyvern's attack.
You slash the wyvern!
The wyvern is heavily wounded.
You are feeling hungry.
You block the wyvern's attack. The wyvern bites you!
You die...

#######..........########.#
#..######..# #.# #..# ##..# #.#
#..# ##...## #.#
#######..####.#...## #.#
.................#.# #.#
#######..####.##..#######.#
#.....##.#l###......#
#.###.###.@###.###..# # #.#
#.####.....# #..# # #.#
#.#.######.###..# #### #.#
#..#............####... #.#
#.#.###########.##.'.#. #.# #.#.#
#........###... #######.###.#.#
#.###.#### #### .........##.#.#
#.# #.# ### #
#######.###.#.#####.###.####.####


You could see a wyvern.

Vanquished Creatures
  A centaur skeleton (D:8)
  2 hippogriffs
  The ghost of Blackhawk the Charmwright, an amateur GnSk (D:4)
  Duvessa (D:6)
  2 orc warriors (D:7)
  A sky beast (D:8)
  2 ice beasts
  3 phantoms
  3 centaurs
  A big kobold (D:6)
  Blork the orc (D:5)
  A bullfrog (D:6)
  Dowan (D:6)
  3 scorpions
  7 wights (D:8)
  3 howler monkeys
  A crimson imp (D:6)
  6 jellies
  6 hounds
  2 bullfrog skeletons
  An orc priest (D:7)
  An iron imp (D:6)
  An iguana (D:4)
  3 orc wizards
  9 worker ants
  A howler monkey zombie (D:8)
  A worker ant zombie (D:7)
  13 adders
  A howler monkey skeleton (D:8)
  A shadow imp (D:9)
  5 oozes (D:8)
  5 adder skeletons
  An adder zombie (D:8)
  3 worms
  3 dart slugs
  5 leopard geckos
  7 orcs
  A ball python (D:3)
  4 giant cockroaches
  4 goblins
  7 hobgoblins
  5 jackals
  11 kobolds
  2 quokkas (D:7)
  11 bats
  3 frilled lizards (D:2)
  A jackal skeleton (D:6)
  A leopard gecko skeleton (D:8)
  A quokka skeleton (D:8)
  A quokka zombie (D:5)
  14 rats
175 creatures vanquished.

Vanquished Creatures (others)
  A kobold (D:6)
1 creature vanquished.

Grand Total: 176 creatures vanquished

Notes
Turn   | Place    | Note
-------+----------+-------------------------------------------
     0 | D:1      | Blackhawk the Gnoll Fighter began the quest for the Orb.
     0 | D:1      | Reached XP level 1. HP: 23/23 MP: 1/1
   278 | D:1      | Reached XP level 2. HP: 29/29 MP: 2/2
   632 | D:1      | Reached XP level 3. HP: 34/35 MP: 3/3
   843 | D:2      | Reached skill level 1 in Invocations
  1013 | D:2      | Reached skill level 1 in Short Blades
  1013 | D:2      | Reached skill level 1 in Long Blades
  1013 | D:2      | Reached skill level 1 in Maces & Flails
  1013 | D:2      | Reached skill level 1 in Polearms
  1013 | D:2      | Reached skill level 1 in Staves
  1013 | D:2      | Reached skill level 1 in Slings
  1013 | D:2      | Reached skill level 1 in Bows
  1013 | D:2      | Reached skill level 1 in Crossbows
  1013 | D:2      | Reached skill level 1 in Throwing
  1013 | D:2      | Reached skill level 1 in Dodging
  1013 | D:2      | Reached skill level 1 in Stealth
  1013 | D:2      | Reached skill level 1 in Unarmed Combat
  1013 | D:2      | Reached skill level 1 in Spellcasting
  1013 | D:2      | Reached skill level 1 in Evocations
  1175 | D:2      | Reached XP level 4. HP: 41/41 MP: 5/5
  1255 | D:2      | Found a glowing golden altar of the Shining One.
  1511 | D:3      | Reached skill level 1 in Conjurations
  1511 | D:3      | Reached skill level 1 in Hexes
  1511 | D:3      | Reached skill level 1 in Charms
  1511 | D:3      | Reached skill level 1 in Summonings
  1511 | D:3      | Reached skill level 1 in Necromancy
  1511 | D:3      | Reached skill level 1 in Translocations
  1511 | D:3      | Reached skill level 1 in Transmutations
  1511 | D:3      | Reached skill level 1 in Fire Magic
  1511 | D:3      | Reached skill level 1 in Ice Magic
  1511 | D:3      | Reached skill level 1 in Air Magic
  1511 | D:3      | Reached skill level 1 in Earth Magic
  1511 | D:3      | Reached skill level 1 in Poison Magic
  1664 | D:3      | Found a hide-covered altar of Uskayaw.
  1696 | D:3      | Reached XP level 5. HP: 47/47 MP: 6/6
  2561 | D:4      | Noticed a phantom
  2576 | D:4      | Killed a phantom
  2576 | D:4      | Reached XP level 6. HP: 53/53 MP: 8/8
  2611 | D:4      | Found a runed door.
  2614 | D:4      | Noticed Blackhawk's ghost (amateur GnSk)
  2626 | D:4      | Reached skill level 5 in Axes
  2755 | D:4      | Killed Blackhawk's ghost
  2755 | D:4      | Reached XP level 7. HP: 15/60 MP: 10/10
  2776 | D:4      | Found a runed door.
  3073 | D:4      | You fall through a shaft for 3 floors!
  3222 | D:5      | Entered Level 5 of the Dungeon
  3285 | D:5      | Noticed Blork the orc
  3295 | D:5      | Killed Blork the orc
  3620 | D:5      | Found a shadowy altar of Dithmenos.
  3646 | D:5      | Reached XP level 8. HP: 67/67 MP: 12/12
  3657 | D:5      | Found Doseeteh's Assorted Antiques.
  3735 | D:5      | Found a staircase to the Ecumenical Temple.
  3745 | Temple   | Entered the Ecumenical Temple
  4352 | D:6      | Noticed Duvessa
  4352 | D:6      | Noticed Dowan
  4374 | D:6      | Killed Duvessa
  4383 | D:6      | Killed Dowan
  4545 | D:6      | Found a snail-covered altar of Cheibriados.
  4751 | D:6      | Found a radiant altar of Vehumet.
  4769 | D:6      | Found a shattered altar of Ashenzari.
  5955 | D:7      | Found a huge runed gate.
  5955 | D:7      | Noticed a hippogriff
  5956 | D:7      | Found a huge runed gate.
  5956 | D:7      | Found a huge runed gate.
  5956 | D:7      | Found a huge runed gate.
  5956 | D:7      | Noticed a hippogriff
  5956 | D:7      | Noticed a dream sheep
  5956 | D:7      | Noticed a yak
  5956 | D:7      | Noticed a hippogriff
  5957 | D:7      | Noticed a polar bear
  5957 | D:7      | Noticed a yak
  5957 | D:7      | Noticed a yak
  5959 | D:7      | Noticed a polar bear
  5959 | D:7      | Noticed a polar bear
  6279 | D:7      | Reached XP level 9. HP: 56/72 MP: 14/14
  6433 | D:7      | Found a stormy altar of Qazlal.
  6434 | D:7      | Found an ornate altar of the Wu Jian Council.
  6640 | D:7      | Found a deep blue altar of Sif Muna.
  7028 | D:7      | You fall through a shaft!
  7894 | D:8      | Found a bloodstained altar of Trog.
  7894 | D:8      | Found a hazy altar of Hepliaklqana.
  7912 | D:8      | Reached skill level 5 in Invocations
  7937 | D:8      | Became a worshipper of Trog the Wrathful
  8010 | D:8      | Found a sacrificial altar of Ru.
  8016 | D:8      | Reached XP level 10. HP: 62/80 MP: 17/17
  8612 | D:9      | HP: 3/80 [wyvern (10)]
  8626 | D:9      | HP: 3/80 [wyvern (8)]
  8631 | D:8      | Mangled by a wyvern

Skill      XL: |  1  2  3  4  5  6  7  8  9 10 |
---------------+-------------------------------+-----
Invocations    | 1 2 3 4 5 |  5.4
Short Blades   | 1 2 3 4 |  4.9
Long Blades    | 1 2 3 4 |  4.9
Maces & Flails | 1 2 3 4 |  4.9
Polearms       | 1 2 3 4 |  4.9
Staves         | 1 2 3 4 |  4.9
Slings         | 1 2 3 4 |  4.9
Bows           | 1 2 3 4 |  4.9
Crossbows      | 1 2 3 4 |  4.9
Throwing       | 1 2 3 4 |  4.9
Dodging        | 1 2 3 4 |  4.9
Stealth        | 1 2 3 4 |  4.9
Unarmed Combat | 1 2 3 4 |  4.9
Spellcasting   | 1 2 3 4 |  4.9
Evocations     | 1 2 3 4 |  4.9
Conjurations   | 1 2 3 4 |  4.0
Hexes          | 1 2 3 4 |  4.0
Charms         | 1 2 3 4 |  4.0
Summonings     | 1 2 3 4 |  4.0
Necromancy     | 1 2 3 4 |  4.0
Translocations | 1 2 3 4 |  4.0
Transmutations | 1 2 3 4 |  4.0
Fire Magic     | 1 2 3 4 |  4.0
Ice Magic      | 1 2 3 4 |  4.0
Air Magic      | 1 2 3 4 |  4.0
Earth Magic    | 1 2 3 4 |  4.0
Poison Magic   | 1 2 3 4 |  4.0
Axes           | 5 6 |  6.8
Fighting       | 7 8 |  8.3
Armour         | 7 8 |  8.3
Shields        | 7 8 |  8.3

Action                   |  1- 3 |  4- 6 |  7- 9 | 10-12 || total
-------------------------+-------+-------+-------+-------++-------
Melee: War axe           |    97 |   135 |   451 |    28 ||   711
       Bite              |     8 |    20 |    67 |     2 ||    97
  Use: Scroll            |       |       |    11 |       ||    11
       Potion            |       |       |       |     2 ||     2
 Stab: Sleeping          |       |       |     2 |     1 ||     3
  Eat: Chunk             |     1 |     3 |    16 |     2 ||    22
       Ration            |       |       |     1 |       ||     1
Armor: Scale mail        |    34 |    39 |    75 |       ||   148
       Ring mail         |       |       |    85 |     7 ||    92
Dodge: Dodged            |    23 |    40 |   184 |    20 ||   267
Block: Shield            |    71 |   101 |   288 |    23 ||   483
